 Dungeon Crawl Stone Soup version 0.28.0-53-g5a82cb258f (webtiles) character file.

Game seed: 9581929281390380060

9343 Kranky the Slinger (level 11, -11/81 HPs)
             Began as a Gnoll Wanderer on June 25, 2022.
             Was a High Priest of Okawaru.
             Killed from afar by an ancient lich (29 damage)
             ... with a bolt of acid
             ... on level 1 of the Abyss.
             The game lasted 00:36:01 (10666 turns).

Kranky the Slinger (Gnoll Wanderer)                Turns: 10666, Time: 00:36:05

Health: -11/81     AC:  8    Str: 14    XL:     11   Next: 45%
Magic:  32/32      EV: 13    Int: 11    God:    Okawaru [*****.]
Gold:   560        SH:  0    Dex: 14    Spells: 25/26 levels left

rFire   + . .      SeeInvis .   S - +8 rapier "Kiddul" {freeze, rElec rF+ rN+}
rCold   . . .      Faith    .   (no shield)
rNeg    + . .      Spirit   .   R - +3 ring mail
rPois   .          Reflect  .   U - +2 hat
rElec   +          Harm     .   C - +0 cloak
rCorr   +          Rampage  .   (no gloves)
Will    ++...                   (no boots)
Stlth   +++.......              F - amulet of regeneration
HPRegen 0.00/turn               K - ring "Loahiz" {Will+ rCorr MP+9}
MPRegen 0.23/turn               E - ring of willpower

@: about to teleport, corroded, sick
A: fangs 1, strong nose, distributed training
a: Renounce Religion, Heroism, Finesse, Duel


You were on level 1 of the Abyss.
You worshipped Okawaru.
Okawaru was extremely pleased with you.
You visited 2 branches of the dungeon, and saw 10 of its levels.
You visited the Abyss 1 time.
You also visited: Sewer.

You collected 560 gold pieces.

Inventory:

Hand Weapons
 a - a +0 hunting sling
 S - the +8 rapier "Kiddul" (weapon) {freeze, rElec rF+ rN+}
   (You found it on level 7 of the Dungeon)

   It freezes those it strikes, dealing additional cold damage.
   It can also slow down cold-blooded creatures.
   rF:        It protects you from fire.
   rElec:     It insulates you from electricity.
   rN:        It protects you from negative energy.
Missiles
 b - 194 sling bullets
 c - 36 poisoned darts (quivered)
 d - 6 curare-tipped darts
 e - 6 atropa-tipped darts
 D - 197 stones
Armour
 z - the +0 pair of boots "Jywebuep" {-Tele rElec Regen+}
   (You found it on level 4 of the Dungeon)

   rElec:     It insulates you from electricity.
   -Tele:     It prevents most forms of teleportation.
   Regen:     It increases your rate of health regeneration.
 C - a +0 cloak (worn)
 R - a +3 ring mail (worn)
 U - a +2 hat (worn)
Jewellery
 j - a +4 ring of protection
 E - a ring of willpower (right hand)
 F - an amulet of regeneration (around neck)
 G - a ring of flight
 K - the ring "Loahiz" (left hand) {Will+ rCorr MP+9}
   (You found it in a sewer)

   [ring of resist corrosion]

   MP:        It affects your magic capacity (+9).
   rCorr:     It protects you from acid and corrosion.
   Will:      It increases your willpower.
 M - a ring of protection from cold
Wands
 B - a wand of acid (12)
 O - a wand of flame (18)
 T - a wand of digging (3)
 W - a wand of paralysis (6)
Scrolls
 f - a scroll of enchant armour {unknown}
 g - a scroll of fear {unknown}
 l - a scroll of fog {unknown}
 o - 2 scrolls of holy word {unknown}
 q - 4 scrolls of blinking {unknown}
 t - 5 scrolls of vulnerability
 u - 3 scrolls of teleportation
 v - 2 scrolls of amnesia {unknown}
 y - 2 scrolls of enchant weapon {unknown}
 H - a scroll of brand weapon {unknown}
 I - a scroll of magic mapping {unknown}
 N - a scroll of noise {unknown}
 X - a scroll of immolation {unknown}
Potions
 i - 4 potions of haste
 k - 5 potions of heal wounds
 m - 2 potions of lignification
 w - 5 potions of curing
 x - a potion of ambrosia
 A - 8 potions of flight
 J - a potion of magic
 L - a potion of degeneration {unknown}
 Q - a potion of attraction
 V - a potion of mutation {unknown}
Miscellaneous
 h - a lightning rod (3/4)


   Skills:
 + Level 6.3 Fighting
 + Level 6.3 Short Blades
 + Level 6.3 Long Blades
 + Level 6.3 Axes
 + Level 6.3 Maces & Flails
 + Level 6.3 Polearms
 + Level 6.3 Staves
 + Level 9.2 Slings
 + Level 6.3 Bows
 + Level 6.3 Crossbows
 + Level 6.9 Throwing
 + Level 6.9 Armour
 + Level 6.3 Dodging
 + Level 6.8 Stealth
 + Level 6.3 Shields
 + Level 6.3 Unarmed Combat
 + Level 8.1 Spellcasting
 + Level 5.2 Conjurations
 + Level 5.2 Hexes
 + Level 5.2 Summonings
 + Level 5.2 Necromancy
 + Level 5.2 Translocations
 + Level 5.2 Transmutations
 + Level 5.2 Fire Magic
 + Level 6.5 Ice Magic
 + Level 5.2 Air Magic
 + Level 5.2 Earth Magic
 + Level 5.2 Poison Magic
 + Level 6.9 Invocations
 + Level 6.3 Evocations


You had 25 spell levels left.
You knew the following spells:

 Your Spells              Type           Power      Damage    Failure   Level
a - Freeze                Ice            72%        1d9       1%          1

Your spell library contained the following spells:

 Spells                   Type           Power      Damage    Failure   Level
 Beastly Appendage        Tmut           32%        N/A       3%          1
 Ensorcelled Hibernation  Hex/Ice        34%        N/A       3%          2
 Wereblood                Tmut           16%        N/A       4%          2
 Spider Form              Tmut/Pois      16%        N/A       10%         3
 Passage of Golubria      Tloc           16%        N/A       32%         4
 Yara's Violent Unravell  Hex/Tmut       8%         3d5       67%         5
 Tukima's Dance           Hex            Unusable   N/A       N/A         3
 Summon Ice Beast         Ice/Summ       Unusable   N/A       N/A         4

Dungeon Overview and Level Annotations

Branches:
Dungeon (9/15)             Temple (1/1) D:5            Lair (0/6) D:8
  Sewer (visited)
    Orc: D:9-12

Altars:
Ashenzari
Cheibriados
Dithmenos
Elyvilon
Fedhas
Gozag
Hepliaklqana
Kikubaaqudgha
Makhleb
Nemelex Xobeh
Okawaru
Qazlal
Ru
Sif Muna
Trog
Uskayaw
Vehumet
Wu Jian
Xom
Yredelemnul
Zin
The Shining One

Shops:
D:1 =

Annotations:
D:9 4 exclusions, Erolcha


Innate Abilities, Weirdness & Mutations

You have very sharp teeth.
Your uncanny sense of smell can sniff out nearby items.
Your experience applies equally to all skills.


Message History

The raiju bursts into living lightning!
The living lightning misses you.
The raiju blinks!
You puncture the raiju! You freeze the raiju.
The raiju is heavily wounded.
The raiju barely misses you.
You puncture the raiju! You freeze the raiju.
The raiju is severely wounded.
The raiju bites you but does no damage.
You puncture the raiju! You freeze the raiju.
You kill the raiju!
That felt strangely unrewarding.
An ancient lich comes into view.
An alligator snapping turtle zombie comes into view.
You're wearing all the rings you can.
Remove which one? (? for menu, Esc to cancel) < or
K - the ring "Loahiz" {Will+ rCorr MP+9} > or
j - a +4 ring of protection You remove your +4 ring of protection.
E - a ring of willpower (right hand)
The ancient lich points at you and mumbles some strange words.
The crystal spear hits you!!
* * * LOW HITPOINT WARNING * * *
The ancient lich casts a spell at you. You resist with some effort.
The ancient lich gestures wildly while chanting.
The ancient lich seems to speed up.
The ancient lich gestures at you while chanting.
The bolt of acid hits you. You resist.
* * * LOW HITPOINT WARNING * * *
The acid corrodes you!
The ancient lich gestures wildly while chanting.
The ancient lich flickers and vanishes!
Deactivating autopickup; reactivate with Ctrl-A.
As you read the scroll of teleportation, it crumbles to dust.
You feel strangely unstable.
You feel the power of the Abyss delaying your translocation!
You hear some strange, mumbled words.
A bolt of acid appears from out of thin air!
The bolt of acid hits you!! You resist.
You die...

..##. ..#.### # #
#.#..## .# # .
#.....#####. .# ##
#....#.# .# ###.
#..
#......##.#..... ..
##.#.#..Z##...#..
#.##.##.{#.#.Z..
...
#.@.....#...#...###
#...#....#...#...#
# #..##..#...# .#..
.. #..
#...#.#...#.. #. #.
..#..#####.#....# .
# #.#.#.# .#......
. #.# ..## .......
. .# ..


There were no monsters in sight!

Vanquished Creatures
  Gastronok (D:8)
  A centaur warrior (D:9)
  A two-headed ogre (D:8)
  Joseph (D:9)
  A kobold demonologist (D:9)
  3 hornets
  A troll (D:8)
  A raiju (Abyss:1)
  A wyvern (D:8)
  7 yaks (D:9)
  A vampire mosquito (D:7)
  Duvessa (D:6)
  An orc warrior (D:7)
  A sky beast (D:5)
  2 ice beasts (D:5)
  A hornet zombie (D:8)
  A necrophage (D:5)
  3 centaurs
  3 phantoms
  6 bullfrogs
  3 kobold brigands
  9 scorpions
  A wyvern zombie (D:8)
  Dowan (D:6)
  11 killer bees (D:9)
  5 wights (D:7)
  A howler monkey (D:9)
  8 electric eels (D:8)
  A centaur zombie (D:9)
  3 bullfrog skeletons
  A hound (D:6)
  2 orc priests
  3 jellies
  A gnoll shaman (D:8)
  Crazy Yiuf (D:4)
  Jessica (D:2)
  4 orc wizards
  6 iguanas
  A scorpion zombie (D:5)
  A merfolk avatar (Sewer)
  A merfolk siren (Sewer)
  A mummy (D:8)
  2 howler monkey zombies
  4 gnolls (D:8)
  A howler monkey skeleton (D:6)
  3 river rats
  14 adders
  A white imp (D:7)
  4 ufetubi
  2 adder skeletons (D:4)
  5 worms
  4 dart slugs
  12 orcs
  11 ball pythons
  9 bats
  5 endoplasms
  12 giant cockroaches
  10 goblins
  4 hobgoblins (D:1)
  25 kobolds
  9 quokkas
  7 frilled lizards
  2 hobgoblin zombies (D:8)
  An orc zombie (D:8)
  25 rats
  A butterfly (D:7)
277 creatures vanquished.

Vanquished Creatures (others)
  2 kobolds (D:8)
  13 plants (D:8)
15 creatures vanquished.

Grand Total: 292 creatures vanquished

Notes
Turn   | Place    | Note
-------+----------+-------------------------------------------
     0 | D:1      | Kranky the Gnoll Wanderer began the quest for the Orb.
     0 | D:1      | Kranky set off with the following items: a +0 hunting
                  | sling, 22 sling bullets, 10 poisoned darts, a +0 dagger, a
                  | +0 leather armour; and the following spell memorised:
                  | Freeze; and the following spells available to memorise:
                  | Ensorcelled Hibernation, Summon Ice Beast
     0 | D:1      | Reached XP level 1. HP: 13/13 MP: 6/6
   281 | D:1      | Reached XP level 2. HP: 19/19 MP: 4/7
   553 | D:1      | Found Wez Hiax's Jewellery Shoppe.
   695 | D:1      | Reached XP level 3. HP: 25/25 MP: 7/9
   747 | D:1      | Reached skill level 5 in Spellcasting
  1278 | D:2      | Reached skill level 1 in Invocations
  1622 | D:2      | Found a faded altar of an unknown god.
  1679 | D:2      | Reached skill level 1 in Fighting
  1679 | D:2      | Reached skill level 1 in Short Blades
  1679 | D:2      | Reached skill level 1 in Long Blades
  1679 | D:2      | Reached skill level 1 in Axes
  1679 | D:2      | Reached skill level 1 in Maces & Flails
  1679 | D:2      | Reached skill level 1 in Polearms
  1679 | D:2      | Reached skill level 1 in Staves
  1679 | D:2      | Reached skill level 1 in Bows
  1679 | D:2      | Reached skill level 1 in Crossbows
  1679 | D:2      | Reached skill level 1 in Dodging
  1679 | D:2      | Reached skill level 1 in Shields
  1679 | D:2      | Reached skill level 1 in Unarmed Combat
  1679 | D:2      | Reached skill level 1 in Evocations
  1679 | D:2      | Reached XP level 4. HP: 8/32 MP: 11/11
  2043 | D:2      | Noticed Jessica
  2053 | D:2      | Killed Jessica
  2054 | D:2      | Reached skill level 1 in Conjurations
  2054 | D:2      | Reached skill level 1 in Hexes
  2054 | D:2      | Reached skill level 1 in Summonings
  2054 | D:2      | Reached skill level 1 in Necromancy
  2054 | D:2      | Reached skill level 1 in Translocations
  2054 | D:2      | Reached skill level 1 in Transmutations
  2054 | D:2      | Reached skill level 1 in Fire Magic
  2054 | D:2      | Reached skill level 1 in Air Magic
  2054 | D:2      | Reached skill level 1 in Earth Magic
  2054 | D:2      | Reached skill level 1 in Poison Magic
  2196 | D:2      | Found a shimmering altar of Xom.
  2582 | D:3      | Reached XP level 5. HP: 35/37 MP: 12/12
  3371 | D:3      | Reached XP level 6. HP: 44/44 MP: 13/13
  3615 | D:4      | Identified the +0 pair of boots "Jywebuep" {-Tele rElec
                  | Regen+}
  3851 | D:4      | Found a runed translucent door.
  3852 | D:4      | Noticed Crazy Yiuf
  4079 | D:4      | Killed Crazy Yiuf
  4136 | D:5      | Entered Level 5 of the Dungeon
  4217 | D:5      | Noticed a sky beast
  4352 | D:5      | Reached XP level 7. HP: 50/50 MP: 15/15
  4380 | D:5      | Reached skill level 7 in Slings
  5061 | D:5      | Reached XP level 8. HP: 56/57 MP: 16/16
  5234 | D:5      | Found a staircase to the Ecumenical Temple.
  5360 | Temple   | Entered the Ecumenical Temple
  5433 | Temple   | Became a worshipper of Warmaster Okawaru
  5488 | D:6      | Noticed Dowan
  5490 | D:6      | Noticed Duvessa
  5570 | D:6      | Killed Duvessa
  5571 | D:6      | Killed Dowan
  5607 | D:6      | Reached * piety under Okawaru
  5699 | D:6      | Found a glowing drain.
  5729 | Sewer    | Entered a sewer
  6006 | Sewer    | Identified the ring "Loahiz" {Will+ rCorr MP+9}
  6602 | D:6      | Reached skill level 5 in Ice Magic
  6602 | D:6      | Reached XP level 9. HP: 65/65 MP: 18/18
  7067 | D:7      | Reached skill level 5 in Throwing
  7067 | D:7      | Reached skill level 5 in Armour
  7078 | D:7      | Found a runed translucent door.
  7080 | D:7      | Found a runed translucent door.
  7186 | D:7      | Reached ** piety under Okawaru
  7505 | D:7      | You fall into a shaft and drop 1 floor!
  7569 | D:7      | Identified the +8 rapier "Kiddul" {freeze, rElec rF+ rN+}
  7686 | D:7      | Reached skill level 5 in Stealth
  7710 | D:7      | Reached skill level 8 in Slings
  7755 | D:7      | Reached skill level 5 in Invocations
  7944 | D:8      | Found a staircase to the Lair.
  7948 | D:8      | Noticed Gastronok
  7972 | D:8      | Killed Gastronok
  7972 | D:8      | Reached *** piety under Okawaru
  7972 | D:8      | Received a gift from Okawaru
  7973 | D:8      | Reached skill level 5 in Fighting
  7973 | D:8      | Reached skill level 5 in Short Blades
  7973 | D:8      | Reached skill level 5 in Long Blades
  7973 | D:8      | Reached skill level 5 in Axes
  7973 | D:8      | Reached skill level 5 in Maces & Flails
  7973 | D:8      | Reached skill level 5 in Polearms
  7973 | D:8      | Reached skill level 5 in Staves
  7973 | D:8      | Reached skill level 5 in Bows
  7973 | D:8      | Reached skill level 5 in Crossbows
  7973 | D:8      | Reached skill level 5 in Dodging
  7973 | D:8      | Reached skill level 5 in Shields
  7973 | D:8      | Reached skill level 5 in Unarmed Combat
  7973 | D:8      | Reached skill level 5 in Evocations
  7973 | D:8      | Reached XP level 10. HP: 69/74 MP: 20/20
  8184 | D:8      | Reached **** piety under Okawaru
  8346 | D:8      | Found a white marble altar of Elyvilon.
  8702 | D:8      | Noticed a two-headed ogre
  9189 | D:8      | Killed a two-headed ogre
  9189 | D:8      | Received a gift from Okawaru
  9408 | D:9      | Noticed Joseph
  9443 | D:9      | Killed Joseph
  9599 | D:9      | Reached XP level 11. HP: 79/81 MP: 22/22
  9679 | D:9      | Received a gift from Okawaru
  9758 | D:9      | Noticed a centaur warrior
  9779 | D:9      | Killed a centaur warrior
  9779 | D:9      | Reached ***** piety under Okawaru
  9780 | D:9      | Reached skill level 9 in Slings
  9780 | D:9      | Reached skill level 5 in Conjurations
  9780 | D:9      | Reached skill level 5 in Hexes
  9780 | D:9      | Reached skill level 5 in Summonings
  9780 | D:9      | Reached skill level 5 in Necromancy
  9780 | D:9      | Reached skill level 5 in Translocations
  9780 | D:9      | Reached skill level 5 in Transmutations
  9780 | D:9      | Reached skill level 5 in Fire Magic
  9780 | D:9      | Reached skill level 5 in Air Magic
  9780 | D:9      | Reached skill level 5 in Earth Magic
  9780 | D:9      | Reached skill level 5 in Poison Magic
  9956 | D:9      | Received a gift from Okawaru
 10007 | D:9      | Noticed a cyclops
 10007 | D:9      | Noticed a deep elf pyromancer
 10007 | D:9      | Noticed a green ugly thing
 10007 | D:9      | Noticed a cyclops
 10007 | D:9      | Noticed a cyclops
 10007 | D:9      | Noticed a red ugly thing
 10007 | D:9      | Noticed a deep elf pyromancer
 10386 | D:9      | Noticed Erolcha
 10398 | D:9      | Cast into level 1 of the Abyss (Erolcha)
 10441 | Abyss:1  | Noticed a thrashing horror
 10462 | Abyss:1  | Noticed a wretched star
 10494 | Abyss:1  | Noticed a cyan very ugly thing
 10572 | Abyss:1  | Noticed a thrashing horror
 10602 | Abyss:1  | Noticed a wretched star
 10647 | Abyss:1  | Noticed an ancient lich
 10666 | Abyss:1  | Killed from afar by an ancient lich

Illustrated notes

Levels and vault maps discovered:
D:1:      psy_arrival_basics, layout_loops_corners, serial_shops,
          nicolae_shop_crystal, minmay_nonomino_d4
D:2:      minmay_door_path, layout_basic, basic_altar,
          ebering_ecumenical_altar_webs, st_stairs_14, uniq_jessica
D:3:      layout_basic, due_unseen_surprise
D:4:      layout_cave_pools, uniq_crazy_yiuf_cottage
D:5:      layout_basic, minmay_temple_entry_nine_rooms
D:6:      layout_rooms, gup_sewer_entry_bubbles, serial_bayou_pond_e,
          uniq_duvessa
D:7:      lemuel_insect_pit, layout_basic
D:8:      layout_loops_corners, lemuel_round_altar, dpeg_oklobed_lair,
          serial_bayou, serial_bayou_shore_a, serial_bayou_lagoon_a,
          serial_bayou_shore_b, serial_bayou_crossing, minivault_14,
          minmay_mini_ossuary, uniq_gastronok
D:9:      minmay_the_grid_triangle_9x9_rhombus_thin
          [minmay_the_grid_triangle_9x9_stretched_checkered,
          minmay_the_grid_triangle_9x9_prize_top_heavy,
          minmay_the_grid_triangle_9x9_pentomino_pain,
          minmay_the_grid_triangle_9x9_shrine], layout_grid_maze, minivault_24,
          uniq_joseph, uniq_erolcha
Temple:   grunt_wide_crystal_templ
Abyss:1:  base: D:9, hangedman_abyss_shoalhut, minivault_22

Skill      XL: |  1  2  3  4  5  6  7  8  9 10 11 |
---------------+----------------------------------+-----
Spellcasting   | 5 6 7 8 |  8.1
Invocations    | 1 2 3 4 5 6 |  6.9
Fighting       | 1 2 3 5 6 |  6.3
Short Blades   | 1 2 3 5 6 |  6.3
Long Blades    | 1 2 3 5 6 |  6.3
Axes           | 1 2 3 5 6 |  6.3
Maces & Flails | 1 2 3 5 6 |  6.3
Polearms       | 1 2 3 5 6 |  6.3
Staves         | 1 2 3 5 6 |  6.3
Bows           | 1 2 3 5 6 |  6.3
Crossbows      | 1 2 3 5 6 |  6.3
Dodging        | 1 2 3 5 6 |  6.3
Shields        | 1 2 3 5 6 |  6.3
Unarmed Combat | 1 2 3 5 6 |  6.3
Evocations     | 1 2 3 5 6 |  6.3
Conjurations   | 1 2 3 4 5 |  5.2
Hexes          | 1 2 3 4 5 |  5.2
Summonings     | 1 2 3 4 5 |  5.2
Necromancy     | 1 2 3 4 5 |  5.2
Translocations | 1 2 3 4 5 |  5.2
Transmutations | 1 2 3 4 5 |  5.2
Fire Magic     | 1 2 3 4 5 |  5.2
Air Magic      | 1 2 3 4 5 |  5.2
Earth Magic    | 1 2 3 4 5 |  5.2
Poison Magic   | 1 2 3 4 5 |  5.2
Throwing       | 3 4 5 6 |  6.9
Armour         | 3 4 5 6 |  6.9
Ice Magic      | 4 5 6 |  6.5
Stealth        | 3 4 5 6 |  6.8
Slings         | 7 8 9 |  9.2

Action                   |  1- 3 |  4- 6 |  7- 9 | 10-12 || total
-------------------------+-------+-------+-------+-------++-------
Melee: Whip              |    24 |   187 |   534 |       ||   745
       Bite              |     3 |    17 |    78 |    40 ||   138
       Punch             |       |     5 |    24 |    14 ||    43
       Dagger            |       |       |    67 |       ||    67
       Rapier            |       |       |    58 |   357 ||   415
       Dire flail        |       |       |    17 |       ||    17
 Fire: Hunting sling     |    66 |       |       |       ||    66
Throw: Dart              |       |     3 |     7 |       ||    10
 Cast: Freeze            |    27 |       |       |       ||    27
Evoke: Wand              |       |       |       |     2 ||     2
       Lightning rod     |       |       |       |     1 ||     1
  Use: Scroll            |       |       |     5 |     5 ||    10
 Stab: Invisible         |       |       |     1 |       ||     1
       Sleeping          |       |       |       |     1 ||     1
Armor: Chain mail        |    12 |   144 |   389 |       ||   545
       Leather armour    |     7 |       |       |       ||     7
       Ring mail         |       |       |    19 |   183 ||   202
Dodge: Dodged            |    23 |    72 |   208 |   268 ||   571
